 Dungeon Crawl Stone Soup version 0.30.1-3-gfc49f6343a (webtiles) character file.

Game seed: 15716053300017144084

938 shmup the Arsonist (level 8, -6/45 HPs)
             Began as a Tengu Fire Elementalist on Aug 9, 2023.
             Was a Follower of Vehumet.
             Mangled by Duvessa
             ... wielding a +0 short sword
              (17 damage)
             ... on level 4 of the Dungeon on Aug 10, 2023.
             The game lasted 00:18:22 (6782 turns).

shmup the Arsonist (Tengu Fire Elementalist)        Turns: 6782, Time: 00:18:22

Health: -6/45      AC:  4    Str:  8    XL:     8   Next: 12%
Magic:  11/12      EV: 16    Int: 18    God:    Vehumet [*.....]
Gold:   293        SH:  5    Dex: 15    Spells: 8/11 levels left

rFire   + . .        d - +0 dagger
rCold   x . .        (no shield)
rNeg    . . .        a - +0 robe
rPois   .            (helmet restricted)
rElec   .            (no cloak)
rCorr   .            r - +1 pair of gloves {infuse}
SInv    .            (boots unavailable)
Will    .....        s - amulet of reflection
Stlth   ++           p - ring of fire
HPRegen 0.27/turn    (no ring)
MPRegen 0.13/turn

%: reflection, infuse magic (1 MP)
@: lethally poisoned (-6 -> -19), flying quickly and evasively, quick
A: beak, talons 3, nimble flight
a: Renounce Religion


You were on level 4 of the Dungeon.
You worshipped Vehumet.
Vehumet was aware of your devotion.
You visited 2 branches of the dungeon, and saw 6 of its levels.
You also visited: Sewer.

You collected 293 gold pieces.

Inventory:

Hand Weapons
 d - a +0 dagger (weapon)
Missiles
 e - 42 stones (quivered)
 k - 3 boomerangs
Armour
 a - a +0 robe (worn)
 r - a +1 pair of gloves of infusion (worn)
Magical Staves
 o - a staff of cold
Jewellery
 p - a ring of fire (left hand)
 s - an amulet of reflection (around neck)
Wands
 j - a wand of charming (5)
Scrolls
 i - a scroll of noise
 l - 2 scrolls of teleportation
 m - 2 scrolls of torment
 n - a scroll of poison
 t - a scroll of blinking
Potions
 b - a potion of magic
 c - 2 potions of flight
 f - 2 potions of lignification
 g - a potion of brilliance
 h - a potion of curing {unknown}
 q - a potion of attraction
 u - 2 potions of degeneration


   Skills:
 + Level 2.5 Fighting
 + Level 3.7 Dodging
 - Level 2.0 Stealth
 - Level 2.0 Spellcasting
 - Level 6.1 Conjurations
 - Level 8.0 Fire Magic


You had 8 spell levels left.
You knew the following spells:

 Your Spells              Type           Power      Damage    Failure   Level
a - Foxfire               Conj/Fire      100%       2x1d9     1%          1
b - Scorch                Fire           90%        2d9       1%          2

Your spell library contained the following spells:

 Spells                   Type           Power      Damage    Failure   Level
 Kiss of Death            Conj/Necr      48%        2d9       5%          1
 Flame Wave               Conj/Fire      40%        2d11      10%         4
 Inner Flame              Hex/Fire       24%        N/A       11%         3
 Volatile Blastmotes      Fire/Tloc      48%        2d14      11%         3
 Hailstorm                Conj/Ice       12%        3d5       16%         3
 Freeze                   Ice            4%         1d3       19%         1
 Frozen Ramparts          Ice            2%         1d1       47%         3
 Manifold Assault         Tloc           1%         N/A       87%         4
 Alistair's Intoxication  Tmut/Pois      0%         N/A       99%         5
 Borgnjor's Vile Clutch   Necr/Erth      0%         N/A       99%         5
 Dispersal                Tloc           0%         N/A       100%        6
 Eringya's Noxious Bog    Tmut/Pois      0%         N/A       100%        6
 Disjunction              Tloc           0%         N/A       100%        8


Dungeon Overview and Level Annotations

Branches:
Dungeon (5/15) Zot: 24274  Temple (1/1) D:4 Zot: 5937   Sewer (visited)

Altars:
Ashenzari
Cheibriados
Dithmenos
Hepliaklqana
Kikubaaqudgha
Makhleb
Ru
Uskayaw
Vehumet
Wu Jian
Xom

Annotations:
D:3 exclusion: downstairs
D:4 Duvessa, Sigmund


Innate Abilities, Weirdness & Mutations

You have a beak for a mouth.
You have claws for feet.
Your magical nature lets you fly swiftly and evasively.


Message History

The orc wizard is heavily wounded.
An orc comes into view. It is wielding a +0 flail.
There is a stone staircase leading up here.
The orc shouts!
The scorpion stings you.
You fly upwards.
Level annotation: Duvessa, Sigmund
There is a stone staircase leading down here.
Unknown command.
Casting: Foxfire (safe; 1% risk of failure)
Confirm with . or Enter, or press ? or * to list all spells.
You feel a surge of power!
Flames lash the scorpion.
The scorpion is heavily wounded.
The scorpion's fire resistance burns away.
Duvessa rages.
You block the scorpion's attack. The scorpion barely misses you.
You hear a shout!
The scorpion closely misses you.
You hear a shout!
Duvessa rages.
The scorpion is no longer more vulnerable to fire.
The scorpion attacks as you move away! The scorpion stings you.
You are poisoned.
The scorpion poisons you!
You feel very sick. The scorpion attacks as you move away!
The scorpion stings you.
* * * LOW HITPOINT WARNING * * *
You feel sick. The scorpion attacks as you move away! The scorpion stings you!
* * * LOW HITPOINT WARNING * * *
You are lethally poisoned!
The scorpion poisons you!
* * * LOW HITPOINT WARNING * * *
You feel very sick. Duvessa attacks as you move away!
Duvessa hits you with a +0 short sword.
* * * LOW HITPOINT WARNING * * *
x2 You feel very sick.
Duvessa rages.
Duvessa hits you with a +0 short sword!
You die...

..▒ ▒.▒ ▒▒ ▒ ▒.▒ ▒. ▒. ▒.▒
▒▒▒▒▒▒▒▒▒▒ ▒. ▒.▒▒▒.▒ .........▒
▒. ...▒.▒ ▒.▒▒▒▒▒▒▒.▒▒▒▒▒.
▒▒▒▒.▒.▒▒▒▒▒▒▒▒.▒▒▒▒▒.▒.......
▒>..........eQ................
▒▒▒▒.▒▒.▒▒.....s.▒.▒▒▒▒..▒.......
......▒.▒▒.▒▒▒▒▒.▒.▒ ▒▒....▒▒▒▒.
▒▒▒▒....▒▒.▒ ▒.▒.▒ ▒.▒..▒▒▒▒.
▒▒▒▒▒.▒.▒▒.▒▒▒▒▒.▒.▒▒▒▒▒.▒.......
............e............▒.▒▒▒▒..
▒▒▒▒▒▒▒.▒▒.▒▒▒▒▒.▒.▒▒▒▒▒▒▒.▒▒▒▒▒.
▒......▒ ▒.▒.▒ ▒.......
▒.........▒▒.▒.▒▒▒▒▒▒▒%.▒▒▒▒▒


You could see Duvessa (berserk) and a scorpion.

Vanquished Creatures
  A black bear (D:4)
  An ogre (D:5)
  2 bullfrogs (Sewer)
  Dowan (D:4)
  A hound (D:5)
  A gnoll bouda (D:4)
  5 iguanas
  A sleepcap (D:5)
  An orc wizard (D:5)
  A mummy (D:4)
  8 gnolls
  13 adders
  A worm (D:2)
  3 dart slugs
  9 orcs
  11 ball pythons
  10 endoplasms
  24 giant cockroaches
  2 hobgoblins (D:1)
  12 kobolds
  8 quokkas
  4 bats (D:2)
  8 frilled lizards
  12 goblins
  7 rats
147 creatures vanquished.

Vanquished Creatures (collateral kills)
  A foxfire (D:2)
1 creature vanquished.

Vanquished Creatures (others)
  A hobgoblin (D:4)
  265 foxfires
266 creatures vanquished.

Grand Total: 414 creatures vanquished

Notes
Turn   | Place    | Note
-------+----------+-------------------------------------------
     0 | D:1      | shmup the Tengu Fire Elementalist began the quest for the
                  | Orb.
     0 | D:1      | Reached XP level 1. HP: 10/10 MP: 4/4
   212 | D:1      | Reached XP level 2. HP: 15/15 MP: 4/6
   218 | D:1      | Learned a level 2 spell: Scorch
   611 | D:1      | Reached skill level 4 in Fire Magic
   734 | D:1      | Reached XP level 3. HP: 19/19 MP: 5/7
  1519 | D:2      | Reached XP level 4. HP: 21/24 MP: 4/8
  1657 | D:2      | Found a faded altar of an unknown god.
  2301 | D:3      | Reached skill level 5 in Fire Magic
  2539 | D:3      | Gained mutation: Your magical nature lets you fly swiftly
                  | and evasively. [Tengu growth]
  2539 | D:3      | Reached XP level 5. HP: 28/28 MP: 5/9
  2784 | D:2      | HP: 1/28 [gnoll/+0 club (5)]
  3064 | D:3      | Found a sacrificial altar of Ru.
  3605 | D:4      | Noticed a black bear
  3780 | D:4      | Noticed Sigmund
  3902 | D:4      | Found an ancient bone altar of Kikubaaqudgha.
  3906 | D:4      | Found a shimmering altar of Xom.
  3988 | D:4      | Reached skill level 6 in Fire Magic
  4148 | D:4      | Killed a black bear
  4149 | D:4      | Reached XP level 6. HP: 32/32 MP: 5/10
  4236 | D:4      | Noticed Dowan
  4237 | D:4      | Noticed Duvessa
  4330 | D:4      | Killed Dowan
  4331 | D:4      | Reached skill level 5 in Conjurations
  4584 | D:4      | Found a staircase to the Ecumenical Temple.
  4601 | D:4      | Reached skill level 7 in Fire Magic
  4675 | D:4      | Reached XP level 7. HP: 29/36 MP: 3/11
  4907 | D:4      | Found a snail-covered altar of Cheibriados.
  4968 | Temple   | Entered the Ecumenical Temple
  5016 | Temple   | Became a worshipper of Vehumet
  5098 | D:5      | Entered Level 5 of the Dungeon
  5632 | D:5      | Found a glowing drain.
  5650 | Sewer    | Entered a sewer
  5956 | Sewer    | Reached skill level 8 in Fire Magic
  5998 | Sewer    | Reached * piety under Vehumet
  5998 | Sewer    | Offered knowledge of Kiss of Death by Vehumet.
  6200 | Sewer    | Reached skill level 1 in Fighting
  6201 | Sewer    | Reached XP level 8. HP: 23/44 MP: 4/12
  6782 | D:4      | Mangled by Duvessa

Illustrated notes

Levels and vault maps discovered:
D:1:      roderic_chinese_lattice_arrival, layout_basic
D:2:      minmay_roachtagon, layout_basic,
          shapermc_ecumenical_altar_mp_urbaneastern, reono_crystal_passage
D:3:      layout_loops_ring, nicolae_ru_awakened_eye, kennysheep_small_spiral
D:4:      layout_basic, grunt_temple_overflow_opulence, slow_altar_2,
          nicolae_overflow_hidden_temple, minmay_temple_entry_glass,
          serial_shops, nicolae_shop_hallway_plus, uniq_duvessa, uniq_sigmund
D:5:      layout_loops_corners, gup_sewer_entry_glass
Temple:   hellmonk_temple_of_storms

Skill      XL: |  1  2  3  4  5  6  7 |
---------------+----------------------+-----
Conjurations   | 2 3 4 5 6 |  6.1
Fire Magic     | 4 5 6 7 8 |  8.0
Fighting       | 2 |  2.5
Dodging        | 3 |  3.7
Stealth        | |  2.0
Spellcasting   | |  2.0

Action                     |  1- 3 |  4- 6 |  7- 9 || total
---------------------------+-------+-------+-------++-------
  Melee: Dagger            |       |     5 |     2 ||     7
         Peck              |       |     1 |       ||     1
         Kick              |       |     2 |       ||     2
   Cast: Foxfire           |    57 |    45 |    64 ||   166
         Scorch            |     6 |    38 |    32 ||    76
    Use: Scroll            |     2 |     8 |     2 ||    12
 Armour: Robe              |    13 |     3 |     4 ||    20
  Dodge: Dodged            |    42 |    16 |    18 ||    76
  Block: Other             |       |       |     1 ||     1
